Map: Hills of Peshkov

Players

MaTT

  • Race: Zerg Zerg
  • Spawn Location: 5:00

TheTerRanO

  • Race: Zerg Zerg
  • Spawn Location: 7:00

SunSpearS

  • Race: Protoss Protoss
  • Spawn Location: 6:00

JohnMcClane - Winner!

  • Race: Protoss Protoss
  • League: Silver
  • Spawn Location: 12:00

BLFG - Winner!

  • Race: Protoss Protoss
  • Spawn Location: 11:00

Hindulaatti - Winner!

  • Race: Zerg Zerg
  • League: Diamond
  • Spawn Location: 1:00

VOD

Have the link to the VOD?

Description

Time

  • Played on: Jan. 18, 2016, 11:30 a.m.
  • Length: 13:51
Show
View Real Time Build Order
Export as new Build Order

MaTT Zerg 

Build Orders: Hatch First 

Get SALT Encoding   

  12  0:01  Drone  
  13  0:08  Drone  
  14  0:15  Drone, Extractor  
  15  0:40  Hatchery  
  14  0:45  Overlord  
  14  0:51  Drone, Extractor  
  15  1:05  Spawning Pool  
  15  1:08  Drone  
  15  1:14  Drone  
  15  1:16  Drone  
  17  1:22  Drone, Extractor  
  17  1:31  Drone  
  18  1:40  Drone  
  19  1:53  Zergling x2  
  20  1:54  Queen  
  20  1:55  Queen  
  24  2:03  Overlord  
  24  2:17  Drone x3  
  24  2:21  Zergling x2  
  28  2:34  Queen  
  28  2:37  Overlord  
  30  2:38  Drone x2  
  30  2:42  Metabolic Boost  
  32  2:48  Overlord  
  32  3:05  Drone  
  33  3:09  Baneling Nest  
  33  3:10  Drone  
  33  3:14  Drone x3  
  33  3:15  Extractor  
  35  3:27  Zergling x4  
  35  3:28  Zergling x2  
  38  3:35  Drone  
  38  3:37  Overlord x2  
  38  3:38  Drone  
  40  3:59  Lair  
  40  4:03  Extractor x2  
  37  4:12  Zergling x2  
  37  4:13  Zergling x6  
  41  4:20  Evolution Chamber  
  41  4:22  Evolution Chamber  
  38  4:28  Drone  
  38  4:29  Drone x9  
  48  4:45  Spore Crawler  
  48  4:47  Spore Crawler  
  48  4:49  Drone x2, Spore Crawler x2  
  46  4:53  Zerg Melee Weapons Level 1  
  46  5:00  Drone x3  
  49  5:11  Zerg Ground Armor Level 1  
  49  5:16  Overlord  
  49  5:17  Overlord  
  49  5:23  Pneumatized Carapace  
  49  5:28  Centrifical Hooks  
  49  5:43  Drone x6  
  49  5:44  Drone  
  49  5:46  Drone  
  56  6:07  Drone  
  56  6:08  Infestation Pit  
  56  6:34  Drone  
  56  6:35  Spire  
  56  6:36  Zergling x2  
  56  6:37  Zergling x18  
  56  6:38  Zergling x2  
  67  6:55  Overlord x4  
  67  7:02  Pathogen Glands  
  65  7:11  Zergling x4  
  65  7:12  Zergling x10  
  66  7:17  Zerg Ground Armor Level 2, Zerg Melee Weapons Level 2  
  63  7:40  Infestor x4  
  71  8:08  Overlord x5  
  70  8:36  Infestor x2  
  70  8:38  Hive  
  73  8:57  Hatchery  
  66  9:32  Extractor  
  66  9:36  Zergling x12, Extractor  
  66  9:37  Zergling x16  
  63  10:00  Baneling  
  63  10:01  Baneling x9  
  63  10:05  Infestor x4  
  71  10:23  Ultralisk Cavern  
  71  10:27  Infestor x2  
  74  10:31  Spore Crawler  
  74  10:32  Spore Crawler  
  72  10:37  Drone  
  72  10:38  Drone  
  72  10:39  Drone  
  72  10:40  Drone x6  
  72  10:41  Drone  
  79  10:59  Baneling  
  79  11:00  Baneling x10  
  79  11:02  Infestor x2  
  83  11:06  Spore Crawler  
  51  12:01  Zergling x2  
  51  12:02  Zergling x32  
  51  12:04  Infestor x4  
  51  12:08  Viper x3  
  85  12:26  Viper  
  88  12:58  Baneling  
  88  12:59  Baneling x13  
Show
View Real Time Build Order
Export as new Build Order

TheTerRanO Zerg 

Build Orders: Hatch First 

Get SALT Encoding   

  12  0:01  Drone  
  13  0:09  Drone  
  14  0:21  Overlord  
  14  0:39  Drone x2  
  14  0:40  Drone  
  17  0:54  Drone  
  18  1:05  Drone, Hatchery  
  18  1:23  Spawning Pool  
  18  1:25  Drone  
  18  1:26  Drone  
  19  1:39  Drone  
  20  1:43  Extractor  
  20  1:46  Drone  
  20  2:10  Overlord  
  20  2:11  Queen  
  22  2:16  Queen  
  22  2:18  Zergling x2  
  25  2:28  Zergling x4  
  25  2:29  Zergling x2  
  28  2:37  Roach Warren  
  27  2:45  Overlord  
  27  2:48  Drone  
  27  2:50  Drone  
  29  2:56  Zergling x2  
  30  3:08  Lair  
  30  3:21  Drone x3  
  30  3:26  Drone x2  
  30  3:27  Drone x2  
  37  3:31  Extractor  
  36  3:40  Drone x3  
  39  3:51  Drone x3  
  39  3:53  Extractor  
  41  4:00  Hatchery  
  40  4:16  Roach x2  
  44  4:19  Overlord  
  44  4:20  Overlord  
  44  4:34  Overlord x2  
  44  4:43  Roach x7  
  58  4:48  Spore Crawler  
  58  4:51  Spore Crawler  
  56  5:14  Evolution Chamber x2  
  55  5:17  Drone  
  55  5:18  Drone x2  
  57  5:29  Drone x2  
  57  5:30  Queen  
  61  5:41  Zerg Ground Armor Level 1, Zerg Missile Weapons Level 1  
  61  5:54  Spore Crawler  
  60  6:00  Hydralisk Den  
  59  6:05  Drone x3  
  59  6:06  Queen  
  59  6:08  Drone x3  
  67  6:17  Spore Crawler  
  66  6:22  Spore Crawler  
  65  6:27  Drone x5  
  65  6:28  Drone  
  72  6:47  Drone x4  
  72  6:49  Overlord x3  
  72  6:50  Overlord  
  72  6:53  Muscular Augments  
  75  7:15  Hydralisk x2  
  75  7:16  Hydralisk x7  
  93  7:27  Extractor  
  93  7:28  Extractor  
  89  7:55  Hydralisk x4  
  89  7:56  Hydralisk x9  
  113  8:02  Zerg Missile Weapons Level 2  
  111  8:12  Drone x2  
  113  8:13  Overlord  
  113  8:14  Overlord  
  113  8:15  Overlord x2  
  105  8:34  Hydralisk x6  
  113  8:46  Hydralisk x3  
  100  8:59  Hydralisk x4  
  100  9:00  Hydralisk  
  110  9:07  Drone x2  
  108  9:12  Queen  
  110  9:20  Zerg Ground Armor Level 2  
  86  9:58  Drone x3  
  87  10:01  Extractor  
  87  10:03  Hydralisk x4  
  87  10:04  Hydralisk x8  
  93  10:28  Drone  
  93  10:34  Hydralisk x2  
  93  10:35  Hydralisk x5  
  107  10:55  Hydralisk x4  
  107  10:56  Hydralisk x2  
  85  11:16  Hydralisk x5  
  87  11:34  Queen  
  89  11:52  Hydralisk  
  89  11:53  Hydralisk x7  
  105  12:04  Queen  
  105  12:05  Drone x2  
  93  12:31  Hydralisk x6  
  105  12:51  Overlord x5  
  105  12:52  Overlord x2  
  105  12:58  Overlord  
Show
View Real Time Build Order
Export as new Build Order

SunSpearS Protoss 

Build Orders: Oracle Opening 

Get SALT Encoding   

  12  0:01  Probe (Chrono Boost)  
  13  0:11  Probe (Chrono Boost)  
  14  0:17  Pylon  
  14  0:22  Probe (Chrono Boost)  
  15  0:33  Assimilator  
  16  0:40  Gateway  
  15  0:45  Probe (Chrono Boost)  
  16  0:55  Probe (Chrono Boost)  
  17  1:04  Pylon  
  17  1:06  Probe (Chrono Boost)  
  18  1:16  Probe (Chrono Boost)  
  19  1:20  Gateway  
  19  1:27  Probe (Chrono Boost)  
  19  1:28  Cybernetics Core  
  20  1:37  Zealot  
  22  1:40  Probe (Chrono Boost)  
  22  1:46  Assimilator  
  23  1:51  Probe (Chrono Boost)  
  24  2:08  Stargate  
  24  2:09  Probe (Chrono Boost)  
  25  2:21  Zealot x2  
  29  2:22  Warp Gate (Chrono Boost)  
  29  2:31  Mothership Core (Chrono Boost)  
  31  3:08  Pylon  
  31  3:26  Oracle  
  31  3:27  Zealot x2  
  35  3:33  Nexus  
  38  3:38  Pylon  
  38  3:40  Probe  
  39  3:49  Pylon  
  39  4:18  Probe  
  43  4:29  Gateway  
  43  4:30  Probe, Gateway  
  44  4:35  Pylon  
  41  4:48  Phoenix (Chrono Boost)  
  41  4:52  Stalker x2  
  44  4:53  Probe  
  44  4:54  Probe  
  46  5:06  Twilight Council, Probe  
  47  5:09  Probe  
  48  5:22  Probe  
  48  5:24  Probe  
  50  5:33  Probe  
  51  5:36  Probe  
  51  5:42  Gateway  
  52  5:43  Probe, Gateway  
  52  5:46  Charge (Chrono Boost)  
  52  5:48  Probe  
  54  5:56  Mothership Core  
  54  6:11  Stalker x3  
  56  6:16  Probe  
  59  6:18  Probe  
  59  6:21  Stalker  
  62  6:38  Probe  
  62  6:39  Mothership Core  
  63  6:43  Assimilator  
  63  6:45  Stalker x3  
  63  6:47  Assimilator  
  69  6:48  Probe  
  70  6:57  Stalker  
  58  7:12  Stalker x3  
  47  7:34  Stalker  
  47  7:41  Stalker x2  
  47  7:42  Stalker  
  43  7:48  Mothership Core  
  31  8:29  Probe  
  31  8:30  Probe  
  33  8:35  Stalker x2  
  33  8:36  Stalker  
  33  8:39  Probe  
  40  8:42  Probe  
  41  9:07  Pylon  
  41  9:08  Pylon  
  41  9:09  Probe  
  41  9:10  Probe  
  41  9:13  Pylon  
  41  9:15  Stalker x2  
  41  9:16  Stalker x2  
  51  9:19  Probe  
  51  9:22  Probe  
  53  9:39  Gateway  
  53  9:40  Gateway  
  53  9:43  Gateway  
  53  9:44  Gateway  
  53  9:53  Stalker x4  
  53  9:54  Stalker  
  63  10:07  Probe  
  63  10:09  Probe  
  65  10:18  Probe  
  65  10:21  Probe  
  67  10:30  Stalker x4  
  67  10:31  Stalker  
  77  10:46  Stalker  
  77  10:47  Stalker  
  81  11:05  Stalker  
  81  11:07  Stalker  
  85  11:14  Pylon  
  85  11:19  Pylon  
  85  11:44  Nexus  
  85  11:46  Pylon  
  85  11:50  Pylon  
  83  12:06  Stalker x5  
  87  12:24  Probe  
  87  12:26  Probe  
  89  12:38  Stalker x4  
  97  13:00  Probe x2  
  97  13:01  Probe  
  100  13:11  Probe x2  
  102  13:14  Probe  
  100  13:21  Probe  
  78  13:31  Stalker x3  
  78  13:32  Stalker x2  
Show
View Real Time Build Order
Export as new Build Order

JohnMcClane Protoss - Winner!

Build Orders:  

Get SALT Encoding   

  12  0:01  Probe (Chrono Boost)  
  13  0:11  Probe (Chrono Boost)  
  14  0:18  Pylon  
  14  0:22  Probe (Chrono Boost)  
  15  0:37  Gateway  
  15  0:40  Probe (Chrono Boost)  
  16  0:44  Assimilator  
  16  0:51  Probe (Chrono Boost)  
  16  0:54  Assimilator  
  17  1:01  Probe (Chrono Boost)  
  18  1:12  Probe (Chrono Boost)  
  19  1:24  Cybernetics Core  
  19  1:31  Pylon  
  19  1:44  Probe (Chrono Boost)  
  22  2:02  Mothership Core (Chrono Boost)  
  22  2:13  Pylon  
  22  2:14  Pylon  
  22  2:15  Pylon  
  22  2:29  Nexus  
  21  2:32  Pylon  
  21  2:46  Warp Gate  
  21  2:54  Stargate  
  21  3:04  Pylon  
  21  3:06  Pylon  
  21  3:16  Stargate  
  21  3:33  Gateway  
  21  3:35  Gateway  
  21  3:42  Probe x2 (Chrono Boost)  
  23  3:52  Probe (Chrono Boost)  
  24  4:00  Phoenix  
  24  4:01  Probe (Chrono Boost)  
  27  4:05  Probe (Chrono Boost)  
  28  4:11  Probe (Chrono Boost)  
  28  4:16  Probe (Chrono Boost)  
  30  4:22  Probe (Chrono Boost)  
  31  4:26  Phoenix, Probe (Chrono Boost)  
  34  4:42  Phoenix  
  36  4:50  Probe x2 (Chrono Boost)  
  38  4:55  Phoenix  
  40  5:00  Assimilator, Probe x2 (Chrono Boost)  
  40  5:06  Phoenix  
  44  5:11  Probe x2 (Chrono Boost)  
  44  5:13  Assimilator  
  46  5:21  Phoenix, Probe x2 (Chrono Boost)  
  50  5:31  Phoenix  
  50  5:32  Probe x2 (Chrono Boost)  
  54  5:42  Pylon, Probe x2 (Chrono Boost)  
  50  6:07  Phoenix x2  
  50  6:08  Probe x2 (Chrono Boost)  
  56  6:12  Pylon  
  58  6:18  Probe x2 (Chrono Boost)  
  58  6:39  Phoenix  
  60  6:40  Phoenix  
  60  6:41  Probe x2 (Chrono Boost)  
  64  6:51  Probe x2 (Chrono Boost)  
  64  6:52  Stalker x3  
  72  6:58  Nexus  
  72  7:26  Phoenix x2  
  72  7:27  Probe x2 (Chrono Boost)  
  72  7:29  Pylon  
  78  7:34  Assimilator  
  78  7:35  Assimilator  
  74  7:38  Probe x2 (Chrono Boost)  
  76  8:11  Phoenix  
  76  8:31  Zealot x3  
  76  8:33  Probe x3 (Chrono Boost)  
  81  8:44  Probe x3 (Chrono Boost)  
  84  8:54  Probe x3 (Chrono Boost)  
  87  9:00  Robotics Facility  
  87  9:04  Forge  
  87  9:06  Pylon  
  87  9:07  Pylon  
  87  9:08  Gateway x3  
  87  9:21  Void Ray  
  87  9:22  Void Ray  
  87  9:23  Stalker x2  
  99  9:24  Stalker  
  101  9:34  Pylon  
  101  9:36  Pylon  
  93  9:53  Zealot x2  
  93  9:54  Zealot  
  93  9:57  Protoss Ground Armor Level 1  
  97  10:04  Void Ray  
  93  10:09  Void Ray  
  97  10:17  Observer (Chrono Boost)  
  98  10:32  Pylon, Nexus  
  98  10:33  Stalker x3, Zealot  
  98  10:34  Zealot x2  
  110  10:35  Pylon  
  110  10:36  Observer (Chrono Boost)  
  110  10:39  Assimilator  
  110  10:41  Twilight Council  
  111  10:42  Pylon  
  111  10:46  Pylon  
  111  10:47  Void Ray, Pylon  
  115  10:52  Oracle  
  115  10:54  Stalker x3  
  124  11:05  Zealot x3  
  124  11:08  Immortal (Chrono Boost)  
  134  11:24  Photon Cannon  
  134  11:25  Photon Cannon  
  134  11:26  Photon Cannon  
  134  11:28  Void Ray, Photon Cannon  
  134  11:30  Void Ray  
  142  11:39  Charge  
  142  11:44  Dark Shrine  
  142  11:45  Gateway  
  142  11:46  Gateway  
  142  11:51  Protoss Ground Weapons Level 1  
  125  12:05  Immortal (Chrono Boost)  
  125  12:08  Stalker  
  125  12:09  Stalker x2, Zealot x3  
  125  12:14  Probe  
  137  12:19  Assimilator  
  137  12:21  Photon Cannon  
  130  12:22  Photon Cannon  
  130  12:24  Pylon  
  130  12:49  Stalker x7  
  130  12:50  Stalker  
  146  12:52  Void Ray x2  
  158  13:05  Immortal (Chrono Boost)  
  146  13:27  Pylon  
  136  13:45  Stalker x3  
  136  13:46  Zealot x5  
Show
View Real Time Build Order
Export as new Build Order

BLFG Protoss - Winner!

Build Orders:  

Get SALT Encoding   

  12  0:02  Probe (Chrono Boost)  
  13  0:12  Probe (Chrono Boost)  
  14  0:20  Pylon  
  14  0:23  Probe (Chrono Boost)  
  15  0:38  Probe (Chrono Boost)  
  15  0:40  Gateway  
  16  0:48  Probe (Chrono Boost)  
  16  0:49  Assimilator  
  17  0:53  Assimilator  
  17  0:59  Probe (Chrono Boost)  
  18  1:10  Probe (Chrono Boost)  
  18  1:11  Pylon  
  19  1:20  Probe (Chrono Boost)  
  20  1:28  Cybernetics Core  
  20  1:31  Probe (Chrono Boost)  
  21  1:41  Probe (Chrono Boost)  
  22  1:52  Probe (Chrono Boost)  
  23  2:01  Nexus  
  23  2:05  Probe (Chrono Boost)  
  24  2:11  Warp Gate (Chrono Boost)  
  24  2:15  Pylon  
  24  2:17  Probe  
  25  2:30  Pylon  
  25  2:34  Stalker, Probe  
  28  2:46  Probe  
  29  2:55  Gateway  
  29  2:58  Probe  
  30  2:59  Gateway  
  30  3:10  Probe  
  30  3:11  Probe  
  31  3:13  Pylon  
  32  3:22  Mothership Core  
  32  3:24  Pylon  
  32  3:26  Probe  
  35  3:36  Probe  
  36  3:42  Forge  
  36  3:43  Probe  
  36  3:47  Probe  
  37  3:53  Assimilator  
  38  3:58  Probe x2  
  40  4:10  Stalker  
  40  4:11  Stalker  
  40  4:12  Stalker  
  46  4:20  Probe  
  47  4:25  Probe  
  47  4:27  Pylon  
  48  4:32  Probe  
  48  4:33  Pylon  
  49  4:39  Probe, Stalker x3  
  49  4:44  Assimilator  
  56  4:47  Protoss Ground Weapons Level 1 (Chrono Boost)  
  56  4:51  Gateway  
  56  4:57  Gateway  
  56  5:06  Gateway  
  56  5:08  Probe  
  56  5:10  Probe  
  58  5:14  Stalker x2  
  62  5:34  Stalker  
  64  5:39  Probe  
  64  5:40  Probe  
  66  5:42  Photon Cannon  
  66  5:51  Pylon  
  66  6:00  Twilight Council  
  66  6:04  Nexus  
  66  6:08  Pylon  
  66  6:14  Stalker x4  
  74  6:20  Photon Cannon  
  74  6:25  Stalker  
  74  6:29  Photon Cannon  
  76  6:38  Stalker x2  
  80  6:45  Charge  
  80  6:53  Protoss Ground Weapons Level 2 (Chrono Boost), Probe  
  80  6:54  Probe  
  64  7:19  Zealot x2  
  64  7:20  Probe x2, Zealot x4  
  64  7:21  Probe  
  69  7:29  Assimilator  
  69  7:40  Templar Archives  
  69  7:44  Pylon  
  69  7:45  Assimilator  
  69  7:46  Zealot x3  
  75  7:52  Probe  
  75  7:53  Probe x2  
  78  8:00  Pylon  
  78  8:04  Pylon  
  78  8:21  Zealot x5  
  78  8:22  Zealot  
  90  8:28  Gateway  
  90  8:30  Gateway  
  90  8:31  Gateway  
  74  8:51  Stalker, Protoss Ground Armor Level 1 (Chrono Boost)  
  74  8:52  Stalker  
  74  8:54  High Templar  
  74  8:55  High Templar x3  
  65  9:18  Nexus  
  65  9:23  Pylon  
  65  9:25  Pylon  
  65  9:27  Pylon  
  65  9:29  Pylon  
  65  9:34  High Templar x3  
  65  9:35  High Templar  
  65  9:36  Zealot x2  
  77  9:40  Archon x2  
  77  9:41  Archon  
  77  9:42  Archon  
  77  9:43  Psionic Storm  
  77  9:48  Probe  
  77  9:49  Probe  
  77  9:50  Probe  
  80  9:55  Pylon  
  80  9:59  Probe x2  
  80  10:00  Pylon  
  80  10:02  Probe  
  80  10:04  Pylon  
  80  10:05  Zealot x3  
  80  10:06  Zealot x3  
  80  10:07  Zealot x2  
  97  10:10  Probe x2  
  97  10:12  Photon Cannon  
  101  10:14  Probe  
  101  10:19  Photon Cannon  
  101  10:20  Probe x2  
  102  10:26  Probe  
  105  10:31  Probe x2, Protoss Ground Weapons Level 3 (Chrono Boost)  
  107  10:40  Assimilator  
  107  10:41  High Templar x4  
  115  10:42  Zealot  
  115  10:43  Zealot x3  
  123  10:53  Pylon  
  123  10:59  Gateway  
  123  11:00  Gateway  
  123  11:01  Gateway  
  123  11:03  Gateway  
  121  11:06  Gateway  
  121  11:09  Zealot  
  121  11:10  Zealot x2  
  107  11:13  Archon x2  
  91  11:24  Assimilator  
  89  11:33  High Templar x2  
  89  11:34  High Templar x2  
  89  11:35  Zealot x5  
  107  11:46  Archon x2  
  107  12:01  Stalker x3  
  107  12:02  Stalker x2  
  91  12:22  Zealot  
  91  12:23  Zealot x6  
  91  12:24  Zealot x3  
  91  12:25  Zealot x4  
  119  12:46  Nexus  
  119  12:49  Pylon x2  
  119  12:50  Zealot x6  
  131  12:52  Pylon  
  131  12:54  Pylon x2  
  131  12:55  Pylon  
  131  12:57  Pylon  
  131  12:58  Pylon  
  131  13:05  Assimilator  
  113  13:09  Assimilator  
  99  13:21  Photon Cannon  
  99  13:22  High Templar x2, Photon Cannon  
  99  13:23  High Templar x5  
  99  13:24  High Templar x5, Photon Cannon  
  99  13:26  High Templar  
  113  13:27  Photon Cannon  
  113  13:29  Photon Cannon  
  105  13:41  Archon x5  
  105  13:42  Archon  
  105  13:43  Stalker  
Show
View Real Time Build Order
Export as new Build Order

Hindulaatti Zerg - Winner!

Build Orders: Hatch First 

Get SALT Encoding   

  12  0:01  Drone  
  13  0:08  Drone  
  14  0:16  Overlord  
  14  0:23  Drone, Extractor  
  15  0:37  Drone  
  16  0:50  Hatchery  
  16  0:53  Drone  
  16  1:03  Drone  
  17  1:10  Drone  
  18  1:12  Spawning Pool  
  18  1:18  Drone  
  18  1:25  Extractor  
  17  1:32  Drone, Extractor  
  17  1:45  Drone  
  18  1:51  Drone  
  19  2:02  Queen  
  21  2:15  Queen  
  21  2:16  Hatchery  
  22  2:23  Zergling x2  
  22  2:24  Zergling x2  
  24  2:45  Lair  
  24  2:56  Drone x4  
  28  3:03  Metabolic Boost  
  28  3:29  Overlord x2  
  28  3:31  Drone  
  28  3:32  Drone x4  
  33  3:43  Drone  
  33  3:46  Overlord x2  
  33  3:59  Spire  
  31  4:08  Queen  
  33  4:13  Drone x2  
  33  4:14  Drone x2  
  37  4:24  Drone  
  37  4:25  Drone x3  
  41  4:52  Drone  
  42  4:53  Drone x7  
  42  4:55  Extractor  
  42  4:57  Extractor x3  
  42  4:59  Spine Crawler  
  44  5:10  Mutalisk x4  
  44  5:11  Mutalisk  
  54  5:14  Mutalisk  
  54  5:17  Drone  
  57  5:23  Drone  
  57  5:24  Drone x3  
  57  5:28  Mutalisk  
  63  5:31  Mutalisk  
  65  5:37  Drone  
  65  5:39  Overlord  
  66  5:43  Overlord  
  66  5:57  Mutalisk  
  66  5:58  Mutalisk x2  
  66  6:04  Mutalisk  
  72  6:06  Drone, Overlord  
  75  6:13  Drone x4  
  75  6:14  Drone x2  
  81  6:21  Zerg Flyer Weapons Level 1  
  81  6:22  Overlord  
  81  6:39  Overseer  
  77  6:41  Pneumatized Carapace  
  77  6:42  Burrow  
  77  6:44  Drone x9  
  86  7:02  Mutalisk x5  
  96  7:10  Drone x2  
  96  7:11  Overlord x3  
  98  7:34  Mutalisk  
  98  7:35  Mutalisk x4  
  108  7:43  Mutalisk  
  108  7:44  Mutalisk  
  112  8:06  Mutalisk  
  112  8:07  Mutalisk x2  
  112  8:09  Zergling x4  
  112  8:10  Zergling x8  
  112  8:11  Overlord  
  122  8:19  Overlord x4  
  117  8:39  Zergling x2  
  117  8:40  Zergling x12  
  124  8:43  Overlord x3, Mutalisk  
  124  8:44  Mutalisk x5  
  130  9:01  Mutalisk x3  
  122  9:28  Evolution Chamber, Infestation Pit  
  122  9:30  Evolution Chamber  
  113  9:44  Mutalisk  
  113  9:45  Mutalisk x5  
  103  9:59  Zergling x16  
  115  10:00  Zergling x16  
  119  10:10  Hive  
  119  10:11  Zerg Flyer Weapons Level 2  
  119  10:13  Zerg Melee Weapons Level 1  
  119  10:33  Roach Warren  
  113  10:59  Zergling x2  
  113  11:00  Zergling x30  
  113  11:01  Zergling x12  
  135  11:05  Spine Crawler  
  134  11:17  Hatchery  
  133  11:26  Glial Reconstitution  
  133  11:28  Adrenal Glands, Pathogen Glands  
  133  11:30  Zerg Ground Armor Level 1  
  133  11:32  Roach  
  137  11:33  Roach x10  
  112  12:03  Zergling x8, Roach x5  
  126  12:15  Hydralisk Den  
  125  12:16  Hatchery  
  125  12:22  Overlord x2  
  124  12:26  Ultralisk Cavern  
  123  12:36  Roach  
  123  12:37  Roach x6  
  137  12:47  Roach x2  
  141  13:06  Baneling Nest  
Tags
 
Add a new tag
Caveats
  • Supply blocks, unpowered buildings, or Contaminate may cause inaccurate times.
  • Supply counts are checked every 10 seconds.